Map: Blackpink LE

Players

Dawuri - Winner!

  • Race: Protoss Protoss
  • League: Diamond
  • Spawn Location: 7:00

axu

  • Race: Protoss Protoss
  • League: Platinum
  • Spawn Location: 1:00

VOD

Have the link to the VOD?

Description

Time

  • Played on: March 22, 2018, 12:36 p.m.
  • Length: 6:20
Show
View Real Time Build Order
Export as new Build Order

Dawuri Protoss - Winner!

Build Orders: 1 Gate Expand 

Get SALT Encoding   

  12  0:02  Probe  
  14  0:14  Probe  
  14  0:18  Pylon  
  14  0:26  Probe  
  15  0:38  Probe  
  15  0:40  Gateway  
  16  0:58  Probe (Chrono Boost)  
  17  1:09  Probe (Chrono Boost)  
  18  1:14  Nexus  
  18  1:21  Probe  
  18  1:24  Assimilator  
  19  1:32  Cybernetics Core  
  19  1:38  Zealot  
  21  1:55  Probe  
  22  2:10  Warp Gate (Chrono Boost)  
  22  2:15  Probe  
  23  2:22  Pylon  
  23  2:26  Zealot  
  23  2:27  Gateway, Probe  
  23  2:29  Gateway  
  26  2:42  Probe  
  26  2:43  Pylon, Probe  
  28  2:49  Shield Battery  
  28  2:55  Probe x2  
  30  2:59  Stalker  
  32  3:14  Probe x2  
  32  3:19  Assimilator  
  34  3:26  Probe x2  
  36  3:30  Stalker x2  
  36  3:31  Stalker  
  42  3:38  Probe  
  42  3:39  Probe  
  44  3:51  Probe x2  
  46  4:11  Shield Battery  
  46  4:13  Stalker x3  
  45  4:41  Pylon  
  41  4:46  Stalker  
  41  4:47  Stalker  
  41  4:50  Zealot  
  46  5:11  Stalker x3  
  52  5:20  Pylon, Probe x2  
  54  5:23  Pylon  
  54  5:27  Pylon  
  52  5:32  Pylon, Probe x2  
  54  5:44  Stalker x3, Probe x2  
  58  5:56  Probe x2  
  60  6:11  Robotics Facility  
  60  6:13  Gateway  
  60  6:15  Twilight Council  
  60  6:17  Gateway  
Show
View Real Time Build Order
Export as new Build Order

axu Protoss 

Build Orders:  

Get SALT Encoding   

  12  0:00  Probe  
  13  0:13  Probe  
  14  0:19  Pylon  
  14  0:25  Probe  
  15  0:37  Probe  
  15  0:42  Gateway  
  16  0:49  Probe  
  17  0:55  Assimilator  
  17  1:04  Assimilator  
  17  1:09  Gateway  
  17  1:13  Probe  
  18  1:29  Probe (Chrono Boost)  
  19  1:35  Pylon  
  19  1:37  Cybernetics Core  
  19  1:41  Probe (Chrono Boost)  
  20  1:47  Pylon  
  20  1:50  Probe (Chrono Boost)  
  21  1:54  Gateway  
  21  1:58  Probe (Chrono Boost)  
  22  2:13  Stalker  
  22  2:14  Stalker  
  26  2:16  Probe (Chrono Boost)  
  26  2:17  Warp Gate (Chrono Boost)  
  27  2:35  Gateway  
  27  2:43  Stalker  
  29  2:49  Stalker  
  31  2:57  Stalker  
  33  3:07  Shield Battery  
  33  3:15  Stalker  
  35  3:20  Stalker  
  37  3:30  Stalker  
  39  3:41  Pylon  
  39  3:43  Pylon  
  31  4:31  Stalker x3  
  31  4:32  Stalker  
  33  4:58  Stalker x4  
  31  5:25  Stalker x3  
  31  5:26  Stalker  
  23  5:59  Nexus  
  23  6:01  Pylon  
  23  6:03  Pylon  
Tags
 
Add a new tag
Caveats
  • Supply blocks, unpowered buildings, or Contaminate may cause inaccurate times.
  • Supply counts are checked every 10 seconds.